 Dungeon Crawl Stone Soup version 0.29-a0-284-gf9362112df (webtiles) character file.

Game seed: 17476938635716919234

49489 sokol815 the Jinx (level 14, -3/93 HPs)
             Began as a Demonspawn Monk on Mar 24, 2022.
             Was an Initiate of Gozag.
             Slain by a two-headed ogre
             ... wielding a +0 giant club
              (15 damage)
             ... while paralysed by an ogre mage
             ... on level 2 of the Orcish Mines.
             The game lasted 01:01:09 (22104 turns).

sokol815 the Jinx (Demonspawn Monk)                Turns: 22104, Time: 01:01:10

Health: -3/93      AC: 15    Str: 16    XL:     14   Next: 16%
Magic:  0/20       EV:  2    Int: 12    God:    Gozag
Gold:   3910       SH:  0    Dex: 16    Spells: 2/21 levels left

rFire   + . .      SeeInvis .   c - +11 shortbow "Newt's Demise" {flame, rF+ rCorr}
rCold   + . .      Faith    .   (shield currently unavailable)
rNeg    . . .      Spirit   +   K - +4 troll leather armour {Pargi}
rPois   .          Reflect  .   r - +2 hat
rElec   .          Harm     .   k - +0 cloak {rC+}
rCorr   +          Rampage  .   F - +0 pair of gloves
Will    ++...                   (no boots)
Stlth   ++........              e - amulet of guardian spirit
HPRegen 1.05/turn               T - ring of willpower
MPRegen 0.17/turn               Z - ring of wizardry {Wiz+, !d}

@: paralysed, gold aura
A: yellow scales 2, demonic guardian 1, spiny 2, weakness stinger 2
a: Renounce Religion, Potion Petition, Call Merchant, Bribe Branch


You were on level 2 of the Orcish Mines.
You worshipped Gozag.
Gozag was most pleased with you.
You visited 4 branches of the dungeon, and saw 21 of its levels.
You also visited: Ice Cave.

You collected 5275 gold pieces.
You spent 1205 gold pieces at shops.
You paid 160 gold pieces to Gozag.

Inventory:

Hand Weapons
 a - a +8 vampiric trident
   (You bought it in a shop on level 1 of the Dungeon)
 c - the +11 shortbow "Newt's Demise" (weapon) {flame, rF+ rCorr}
   (You bought it in a shop on level 5 of the Dungeon)

   Any ammunition fired from it burns those it strikes, dealing additional fire
   damage.
   rF:        It protects you from fire.
   rCorr:     It protects you from acid and corrosion.
 f - a +2 mace of protection
   (You found it in an ice cave)
 m - a +0 hand axe of flaming
   (You took it off an orc on level 8 of the Dungeon)
 p - a +0 quarterstaff of freezing
   (You found it in an ice cave)
 t - the +9 dagger "Wousavik" {vorpal, rElec}
   (You found it on level 4 of the Lair of Beasts)

   It inflicts extra damage upon your enemies.
   rElec:     It insulates you from electricity.
 x - a +0 war axe
   (You found it in an ice cave)
Missiles
 l - 6 javelins
 n - 31 poisoned darts
 s - 476 stones
 v - 11 boomerangs
 A - 9 atropa-tipped darts
 C - a throwing net {!d}
 V - 3 silver javelins
Armour
 k - a +0 cloak of cold resistance (worn)
   (You found it on level 4 of the Lair of Beasts)
 r - a +2 hat (worn)
   (You found it on level 5 of the Dungeon)
 F - a +0 pair of gloves (worn)
   (You found it on level 4 of the Lair of Beasts)
 K - a +4 troll leather armour (worn) {Pargi}
   (You found it on level 4 of the Dungeon)
Magical Staves
 G - a staff of cold {rC+}
   (You found it on level 6 of the Lair of Beasts)
Jewellery
 b - a ring of positive energy {rN+}
   (You found it on level 8 of the Dungeon)
 e - an amulet of guardian spirit (around neck)
   (You found it on level 1 of the Dungeon)
 o - a +6 ring of dexterity
   (You found it on level 4 of the Lair of Beasts)
 Q - an amulet of magic regeneration
   (You found it on level 10 of the Dungeon)
 T - a ring of willpower (left hand)
   (You found it on level 4 of the Lair of Beasts)
 Z - a ring of wizardry (right hand) {Wiz+, !d}
   (You found it on level 9 of the Dungeon)
Wands
 d - a wand of digging (4)
   (You found it on level 5 of the Lair of Beasts)
 h - a wand of acid (10)
   (You took it off Ijyb on level 4 of the Dungeon)
 i - a wand of iceblast (13)
   (You found it on level 3 of the Dungeon)
 q - a wand of flame (86)
   (You found it on level 5 of the Dungeon)
 y - a wand of mindburst (5)
   (You found it on level 2 of the Lair of Beasts)
Scrolls
 D - 2 scrolls of blinking {!r}
 E - a scroll of fear
 O - 2 scrolls of silence
 S - a scroll of summoning
 W - a scroll of holy word {!r!r}
 Y - 10 scrolls of teleportation {@r3}
Potions
 j - 2 potions of attraction {!q}
 u - 3 potions of cancellation
 B - 5 potions of brilliance
 H - 3 potions of haste
 I - a potion of invisibility
 J - 10 potions of curing {@q1}
 L - a potion of flight
 M - a potion of magic
 N - 3 potions of heal wounds {@q2}
 P - a potion of lignification {!q}
 R - a potion of resistance
 U - 2 potions of mutation {!q}
Miscellaneous
 g - a tin of tremorstones (2/2)
   (You found it on level 9 of the Dungeon)
 w - a phial of floods
   (You found it in an ice cave)
 z - a box of beasts
   (You found it on level 9 of the Dungeon)


   Skills:
 - Level 3.1 Fighting
 - Level 3.3(9.5) Axes
 - Level 13.8(14.0) Polearms
 - Level 6.4 Bows
 - Level 0.3 Armour
 - Level 2.8 Dodging
 - Level 1.7 Stealth
 - Level 4.0 Spellcasting
 + Level 14.4 Hexes
 - Level 8.0 Transmutations
 - Level 6.0 Ice Magic


You had 2 spell levels left.
You knew the following spells:

 Your Spells              Type           Power      Damage    Failure   Level
a - Tukima's Dance        Hex            37%        N/A       1%          3
b - Yara's Violent Unrav  Hex/Tmut       14%        3d7       3%          5
c - Frozen Ramparts       Ice            32%        1d5       2%          3
d - Enfeeble              Hex            18%        N/A       24%         7
s - Slow                  Hex            100%       N/A       1%          1

Your spell library contained the following spells:

 Spells                   Type           Power      Damage    Failure   Level
 Freeze                   Ice            64%        1d8       1%          1
 Ensorcelled Hibernation  Hex/Ice        52%        N/A       1%          2
 Passwall                 Tmut/Erth      10%        N/A       3%          2
 Sandblast                Erth           4%         2d4       11%         1
 Corpse Rot               Necr/Air       4%         N/A       16%         2
 Confusing Touch          Hex            37%        N/A       1%          3
 Spider Form              Tmut/Pois      12%        N/A       6%          3
 Anguish                  Hex/Necr       9%         N/A       6%          4
 Ignite Poison            Fire/Tmut/Pois 8%         N/A       12%         3
 Hailstorm                Conj/Ice       9%         3d4       30%         4
 Gell's Gravitas          Tloc           2%         N/A       32%         3
 Lesser Beckoning         Tloc           2%         N/A       32%         3
 Mephitic Cloud           Conj/Pois/Air  2%         N/A       32%         3
 Stone Arrow              Conj/Erth      4%         3d7       32%         3
 Teleport Other           Tloc           2%         N/A       32%         3
 Vampiric Draining        Necr           2%         2d6       32%         3
 Alistair's Intoxication  Tmut/Pois      8%         N/A       47%         5
 Dispel Undead            Necr           2%         3d7       69%         4
 Passage of Golubria      Tloc           2%         N/A       69%         4
 Freezing Cloud           Conj/Ice/Air   3%         6-21      75%         5
 Borgnjor's Vile Clutch   Necr/Erth      1%         N/A       95%         5
 Eringya's Noxious Bog    Tmut/Pois      6%         N/A       95%         6
 Death Channel            Necr           1%         N/A       100%        6
 Malign Gateway           Summ/Tloc      1%         N/A       100%        7
 Summon Horrible Things   Summ           1%         N/A       100%        8


Dungeon Overview and Level Annotations

Branches:
Dungeon (12/15)            Temple (1/1) D:4            Lair (6/6) D:9
  Swamp (0/4) Lair:3        Snake (0/4) Lair:3        Slime (0/5) Lair:6
    Orc (2/2) D:11          IceCv (visited)
    Elf: Orc:2

Altars:
Ashenzari
Dithmenos
Elyvilon
Fedhas
Gozag
Hepliaklqana
Kikubaaqudgha
Nemelex Xobeh
Okawaru
Qazlal
Sif Muna
Trog
Uskayaw
Vehumet
Wu Jian
Yredelemnul
Zin
The Shining One

Shops:
D:1 (   D:5 (   D:7 (?


Innate Abilities, Weirdness & Mutations

You are mostly covered in yellow scales. (AC +3)
A weak demonic guardian rushes to your aid.
You are mostly covered in sharp spines.
You have a tail ending in a sharp stinger.


Message History

The ogre mage seems to speed up.
An ogre comes into view. It is wielding a +0 giant club.
Health restored: 93 You puncture the two-headed ogre!
You kill the two-headed ogre!
An ogre comes into view. It is wielding a +0 giant spiked club.
The ogre mage casts a spell at you. You resist with almost no effort.
A two-headed ogre comes into view.
It is wielding a +0 giant club and a +0 giant spiked club.
The ogre mage points at you and mumbles some strange words.
The bolt of magma hits you!!
Items here: $ ))))).
You take 31 damage, and have 62/93 hp.
MASSIVE DAMAGE!!
You now have 7/20 mp.
The ogre mage is distracted by your dazzling golden aura.
The ogre is distracted by your dazzling golden aura. x2
You regained 2 hp, and now have 64/93 hp.
The ogre is no longer distracted by gold.
An ogre mage comes into view. It is wielding a +0 club.
A two-headed ogre comes into view. It is wielding two +0 giant clubs.
The two-headed ogre moves out of view.
You feel the dreadful sensation subside.
The +11 shortbow "Newt's Demise" {flame, rF+ rCorr} bursts into flame!
c - the +11 shortbow "Newt's Demise" (weapon)
{flame, rF+ rCorr} You shoot an arrow.
The arrow hits the ogre mage!
The arrow burns the ogre mage.
The ogre mage hits you from afar with a +0 vorpal spear.
The ogre mage casts a spell.
The ogre mage flickers and vanishes!
Deactivating autopickup; reactivate with Ctrl-A.
You take 5 damage, and have 61/93 hp.
You shoot an arrow. The arrow hits the ogre mage.
The arrow burns the ogre mage.
You hear a shout!
The ogre mage hits you from afar with a +0 vorpal spear.
You hear two shouts! x2; You hear a shout! x4
You take 2 damage, and have 59/93 hp.
You shoot an arrow. The arrow hits the ogre mage!
The arrow burns the ogre mage.
The ogre mage hits you from afar with a +0 vorpal spear.
The ogre is struck by your spines.
The ogre hits you with a +0 giant spiked club!
You take 12 damage, and have 47/93 hp.
You now have 6/20 mp.
You are too injured to fight recklessly!
You are too injured to fight recklessly!
You are too injured to fight recklessly!
Unknown command.
The ogre mage hits you from afar with a +0 spear.
You take 4 damage, and have 43/93 hp.
You hear some strange, mumbled words.
The ogre mage seems to speed up.
Aim: an ogre mage, wielding a +0 spear and wearing a +0 robe (fast)
The ogre mage's magical effects unravel!
The enchantments explode!
The ogre mage twists and deforms.
The unravelling engulfs the ogre mage!
The ogre twists and deforms.
The unravelling engulfs the ogre!
You hear a shout! x3; You hear two shouts! x3; You hear a shout!
The ogre is struck by your spines.
You kill the ogre!
The ogre mage hits you but does no damage.
A two-headed ogre comes into view.
It is wielding a +0 giant spiked club and a +0 giant club.
The ogre mage hits you from afar with a +0 spear.
You take 1 damage, and have 43/93 hp.
You now have 2/20 mp.
You don't have enough magic to cast this spell.
The ogre mage is distracted by your dazzling golden aura.
The ogre mage casts a spell.
The ogre mage flickers and vanishes!
The two-headed ogre is distracted by your dazzling golden aura.
You hear some strange, mumbled words.
The ogre mage shouts!
The two-headed ogre shouts in stereo!
You regained 2 hp, and now have 47/93 hp.
Aim: a two-headed ogre, wielding two +0 giant clubs The mass of ice explodes!
The iceblast engulfs the two-headed ogre!
The iceblast engulfs the ogre mage!
The ogre mage is no longer distracted by gold.
The iceblast engulfs something.
The iceblast engulfs something!!
The iceblast engulfs the two-headed ogre!
You hear a shout!
Aim: an ogre mage, wielding a +0 vorpal spear and wearing a +0 robe (severely wounded, fast)
The mass of ice explodes!
The iceblast engulfs the ogre mage!
The iceblast engulfs the two-headed ogre!
The iceblast engulfs something!
The iceblast engulfs the two-headed ogre!
You hear a shout!
You hear two shouts!
Something hits you. The ogre mage casts a spell at you.
You suddenly lose the ability to move!
The ogre mage hits you but does no damage.
Something hits you but does no damage.
The ogre mage hits you from afar with a +0 vorpal spear!
Something hits you.
The two-headed ogre is struck by your spines.
The two-headed ogre hits you with a +0 giant club!!
* * * LOW HITPOINT WARNING * * *
A demonic guardian appears!
The two-headed ogre hits you with a +0 giant club!
You die...
Your body crumbles into a pile of gold.

#..................#
##...........#.##.## ..##
##..#...........### ...###
#.......≈........## #......
#.....≈#..........### ......
#....≈#≈..#.......#.## $$...#
#....#≈...#≈.......$.## ...#
##..≈.....#≈...O.#....##...#
#....../.#≈...@.4..O.O$..O#
##...#####≈....OO....$$....O..
###...≈≈≈≈≈...............O.O.
##.....)...................#...
#..........................# ..
#............<.............# #
##...)......................#
#...........................
#....................


You could see 3 two-headed ogres, an ogre mage (fast), an ogre and a friendly
rust devil (summoned).

Vanquished Creatures
  A fire dragon (Lair:6)
  4 hydras
  2 boulder beetles
  An ice dragon (Lair:4)
  Erica (D:10)
  2 catoblepae
  5 two-headed ogres
  6 death yaks
  The ghost of sammy202020 the Chopper, a novice PaBe of Trog (D:6)
  2 lindwurms
  2 ugly things (D:11)
  2 oklob plants (Lair:6)
  2 manticores (Lair:6)
  2 elephants (Lair:6)
  A torpor snail (Lair:6)
  2 black mambas
  2 ice statues (IceCv)
  10 cane toads
  7 rime drakes
  Maggie (D:6)
  A freezing wraith (IceCv)
  2 ice devils (Lair:4)
  8 komodo dragons
  An entropy weaver simulacrum (Lair:4)
  4 trolls
  2 polar bears
  2 hornets
  A slime creature (D:7)
  7 dream sheep
  6 blink frogs
  3 wyverns
  2 shadows
  A vampire (D:6)
  2 dire elephant simulacra
  25 yaks
  3 basilisks
  2 steam dragons
  4 vampire mosquitoes (D:6)
  2 death yak simulacra (Lair:4)
  A swamp worm (Lair:3)
  2 nagas (Lair:3)
  8 water moccasins
  6 acid dragons
  Duvessa (D:5)
  9 orc warriors
  3 swamp drakes (Lair:6)
  2 ice beasts
  3 sky beasts
  Pargi (D:4)
  8 ogres
  6 wolves
  3 centaurs
  Blork the orc (D:5)
  2 kobold brigands
  11 bullfrogs
  A gnoll sergeant (D:9)
  2 cane toad simulacra
  2 scorpions
  7 wights
  Dowan (D:5)
  An elephant simulacrum (IceCv)
  9 killer bees
  6 electric eels
  4 howler monkeys
  Crazy Yiuf (D:5)
  2 hounds
  A jelly (D:8)
  A gnoll shaman (D:7)
  8 orc priests
  12 iguanas
  Ijyb (D:4)
  14 orc wizards
  A spriggan simulacrum (Lair:4)
  A wolf simulacrum (IceCv)
  8 gnolls
  2 naga simulacra (Lair:4)
  9 adders
  A shadow imp (D:7)
  2 white imps
  A worm (D:2)
  A dart slug (D:3)
  62 orcs
  7 bats
  8 endoplasms
  2 giant cockroaches
  A goblin (D:2)
  5 hobgoblins
  4 jackals (D:2)
  14 kobolds
  5 quokkas
  3 training dummies (D:5)
  11 ball pythons
  3 frilled lizards
  5 rats (D:2)
  A spectral kobold (D:2)
431 creatures vanquished.

Vanquished Creatures (collateral kills)
  A hydra (Lair:6)
  2 death yaks (Lair:6)
  Urug (Lair:3)
  A swamp dragon (Lair:6)
  An oklob plant (Lair:6)
  A yak (D:11)
7 creatures vanquished.

Vanquished Creatures (others)
  An ugly thing (IceCv)
  A black mamba (Lair:6)
  A ball python (D:4)
  25 fungi
  28 plants
56 creatures vanquished.

Grand Total: 494 creatures vanquished

Notes
Turn   | Place    | Note
-------+----------+-------------------------------------------
     0 | D:1      | sokol815 the Demonspawn Monk began the quest for the Orb.
     0 | D:1      | Reached XP level 1. HP: 18/18 MP: 1/1
   249 | D:1      | Reached skill level 3 in Axes
   389 | D:1      | Gained mutation: A weak demonic guardian rushes to your
                  | aid. [demonic ancestry]
   389 | D:1      | Reached XP level 2. HP: 22/24 MP: 2/2
   455 | D:1      | Found Ehuupp's Weapon Shoppe.
  1110 | D:2      | Reached skill level 1 in Polearms
  1163 | D:2      | Gained mutation: You are partially covered in yellow
                  | scales. (AC +2) [demonic ancestry]
  1163 | D:2      | Reached XP level 3. HP: 16/29 MP: 1/3
  1980 | D:2      | Reached skill level 2 in Polearms
  2154 | D:2      | Found a faded altar of an unknown god.
  2697 | D:2      | Gained mutation: You have a small tail. [demonic ancestry]
  2697 | D:2      | Reached XP level 4. HP: 35/35 MP: 4/4
  3119 | D:3      | Reached skill level 3 in Polearms
  4189 | D:4      | Noticed Pargi
  4206 | D:4      | Killed Pargi
  4207 | D:4      | Reached skill level 4 in Polearms
  4207 | D:4      | Gained mutation: You are partially covered in sharp spines.
                  | [demonic ancestry]
  4207 | D:4      | Reached XP level 5. HP: 38/41 MP: 3/5
  4436 | D:4      | Reached skill level 5 in Polearms
  4436 | D:4      | Gained mutation: You are mostly covered in sharp spines.
                  | [demonic ancestry]
  4436 | D:4      | Reached XP level 6. HP: 36/47 MP: 6/6
  4516 | D:1      | Bought a +5 trident of freezing for 333 gold pieces
  4721 | D:4      | Noticed Ijyb
  4751 | D:4      | Killed Ijyb
  4790 | D:4      | Found a staircase to the Ecumenical Temple.
  4799 | Temple   | Entered the Ecumenical Temple
  5067 | Temple   | Became a worshipper of Gozag Ym Sagoz the Greedy
  5558 | D:5      | Entered Level 5 of the Dungeon
  5575 | D:5      | Noticed an orc warrior
  5788 | D:5      | Reached skill level 6 in Polearms
  5827 | D:5      | Found a runed translucent door.
  5828 | D:5      | Noticed Crazy Yiuf
  5871 | D:5      | Noticed Dowan
  5946 | D:5      | Noticed a sky beast
  6012 | D:5      | Reached XP level 7. HP: 52/52 MP: 4/7
  6125 | D:5      | Reached skill level 7 in Polearms
  6214 | D:5      | Noticed Blork the orc
  6228 | D:5      | Killed Blork the orc
  6295 | D:5      | Reached skill level 8 in Polearms
  6398 | D:5      | Found Xih Ejuc's Firing Range.
  6598 | D:5      | Noticed Duvessa
  6610 | D:5      | Killed Duvessa
  6611 | D:5      | Reached XP level 8. HP: 43/58 MP: 5/8
  6616 | D:5      | Killed Dowan
  6965 | D:6      | HP: 14/56 [wight/+3 battleaxe of freezing (9)]
  7109 | D:6      | Reached skill level 9 in Polearms
  7166 | D:6      | Reached skill level 10 in Polearms
  7183 | D:6      | Reached XP level 9. HP: 57/63 MP: 5/9
  7518 | D:6      | Noticed Maggie
  7591 | D:6      | Found a runed translucent door.
  7594 | D:6      | Noticed sammy202020's ghost (novice PaBe)
  7835 | D:7      | Reached skill level 11 in Polearms
  8256 | D:7      | Found Zied Zab's Antique Weapon Emporium.
  8466 | D:7      | Found Cagaampo's Magic Scroll Emporium.
  8474 | D:7      | Bought a scroll of identify for 24 gold pieces
  8474 | D:7      | Bought a scroll of identify for 24 gold pieces
  8474 | D:7      | Bought a scroll of identify for 24 gold pieces
  8539 | D:8      | Reached skill level 12 in Polearms
  9338 | D:9      | Noticed a two-headed ogre
  9420 | D:9      | Reached XP level 10. HP: 53/70 MP: 6/10
  9468 | D:9      | Reached skill level 13 in Polearms
  9565 | D:9      | Paralysed by a hornet for 3 turns
  9817 | D:5      | Bought the +11 shortbow "Newt's Demise" {flame, rF+ rCorr}
                  | for 800 gold pieces
 10012 | D:6      | Killed Maggie
 10013 | D:6      | Reached skill level 1 in Bows
 10134 | D:9      | Learned a level 3 spell: Tukima's Dance
 10279 | D:9      | Reached skill level 2 in Bows
 10279 | D:9      | Reached skill level 1 in Hexes
 10316 | D:9      | Reached skill level 2 in Hexes
 10371 | D:9      | Found a staircase to the Lair.
 10571 | D:9      | Reached skill level 3 in Hexes
 10575 | D:9      | Reached skill level 3 in Bows
 10698 | D:9      | Killed a two-headed ogre
 10699 | D:9      | Reached skill level 4 in Hexes
 10778 | D:10     | Entered Level 10 of the Dungeon
 10848 | D:10     | Noticed Erica
 10974 | D:10     | Learned a level 5 spell: Yara's Violent Unravelling
 11108 | D:10     | Reached skill level 5 in Hexes
 11123 | D:10     | Gained mutation: You have a tail ending in a sharp stinger.
                  | [demonic ancestry]
 11123 | D:10     | Reached XP level 11. HP: 71/75 MP: 9/11
 11131 | D:10     | Reached skill level 1 in Transmutations
 11400 | D:10     | Reached skill level 4 in Bows
 11616 | D:10     | Found a shimmering blue altar of Sif Muna.
 11904 | Lair:1   | Entered Level 1 of the Lair of Beasts
 11940 | Lair:1   | Reached skill level 2 in Transmutations
 11972 | Lair:1   | Found an ornate altar of the Wu Jian Council.
 11972 | Lair:1   | Found a hide-covered altar of Uskayaw.
 11972 | Lair:1   | Noticed a boulder beetle
 12029 | Lair:1   | Killed a boulder beetle
 12138 | Lair:1   | Reached skill level 6 in Hexes
 12230 | Lair:1   | Reached skill level 3 in Transmutations
 12610 | Lair:1   | Reached skill level 4 in Transmutations
 12960 | Lair:2   | Reached skill level 7 in Hexes
 13040 | Lair:2   | Reached skill level 5 in Bows
 13595 | Lair:3   | Noticed an eight-headed hydra
 13608 | Lair:3   | HP: 15/75 [eight-headed hydra (10)]
 13609 | Lair:3   | Killed an eight-headed hydra
 13610 | Lair:3   | Reached skill level 1 in Spellcasting
 13610 | Lair:3   | Reached skill level 5 in Transmutations
 13775 | Lair:3   | Noticed a four-headed hydra
 13783 | Lair:3   | Killed a one-headed hydra
 13828 | Lair:3   | Found a staircase to the Swamp.
 13875 | Lair:3   | Reached skill level 2 in Spellcasting
 13881 | Lair:3   | Found a staircase to the Snake Pit.
 14161 | Lair:3   | Reached skill level 8 in Hexes
 14161 | Lair:3   | Reached XP level 12. HP: 81/81 MP: 15/15
 14179 | Lair:3   | Noticed Urug
 14198 | Lair:3   | Killed Urug
 14581 | Lair:3   | Noticed a boulder beetle
 14601 | Lair:3   | Killed a boulder beetle
 14602 | Lair:3   | Reached skill level 3 in Spellcasting
 14837 | Lair:3   | Reached skill level 6 in Transmutations
 15222 | Lair:4   | Noticed a four-headed hydra
 15362 | Lair:4   | Killed a four-headed hydra
 15363 | Lair:4   | Reached skill level 6 in Bows
 15363 | Lair:4   | Reached skill level 4 in Spellcasting
 15399 | Lair:4   | Reached skill level 9 in Hexes
 15484 | Lair:4   | Identified the +9 dagger "Wousavik" {vorpal, rElec}
 15907 | Lair:4   | Noticed an ice dragon
 15942 | Lair:4   | HP: 10/81 [ice dragon/blast of cold (32)]
 15950 | Lair:4   | HP: 1/81 [ice dragon/blast of cold (32)]
 16126 | Lair:4   | Reached skill level 7 in Transmutations
 16134 | Lair:4   | HP: 8/81 [dire elephant simulacrum (14)]
 16308 | Lair:4   | HP: 18/81 [ice dragon/blast of cold (23)]
 16315 | Lair:4   | Killed an ice dragon
 16582 | Lair:5   | Learned a level 3 spell: Frozen Ramparts
 16706 | Lair:5   | Reached skill level 1 in Ice Magic
 16778 | Lair:5   | Noticed a death yak
 16781 | Lair:5   | Noticed a death yak
 16784 | Lair:5   | Noticed a death yak
 16786 | Lair:5   | Noticed a death yak
 16787 | Lair:5   | Noticed a death yak
 16798 | Lair:5   | Killed a death yak
 16799 | Lair:5   | Reached skill level 2 in Ice Magic
 16858 | Lair:5   | Killed a death yak
 16859 | Lair:5   | Reached skill level 3 in Ice Magic
 16870 | Lair:5   | Killed a death yak
 16871 | Lair:5   | Reached skill level 4 in Ice Magic
 16887 | Lair:5   | Killed a death yak
 16892 | Lair:5   | Killed a death yak
 17018 | Lair:5   | Identified the +0 ring mail of the Twelve Leylines {Will+
                  | Dex+2}
 17045 | Lair:5   | Noticed a catoblepas
 17068 | Lair:5   | Killed a catoblepas
 17069 | Lair:5   | Reached skill level 5 in Ice Magic
 17113 | Lair:5   | Reached XP level 13. HP: 86/86 MP: 19/19
 17451 | Lair:6   | Entered Level 6 of the Lair of Beasts
 17498 | Lair:6   | Reached skill level 6 in Ice Magic
 17619 | Lair:6   | Identified the +7 hunting sling "Deirag" {flame, Str+4}
 17782 | Lair:6   | Found a staircase to the Slime Pits.
 18069 | Lair:6   | Noticed a fire dragon
 18082 | Lair:6   | Killed a fire dragon
 18083 | Lair:6   | Reached skill level 10 in Hexes
 18083 | Lair:6   | Reached skill level 8 in Transmutations
 18436 | Lair:6   | HP: 20/86 [death yak (10)]
 18439 | Lair:6   | Reached skill level 11 in Hexes
 18709 | Lair:6   | Learned a level 7 spell: Enfeeble
 18860 | Lair:6   | Reached skill level 12 in Hexes
 18954 | Lair:6   | HP: 19/86 [death yak (16)]
 19803 | D:5      | Killed Crazy Yiuf
 19934 | D:6      | Killed sammy202020's ghost
 20030 | D:10     | Killed Erica
 20134 | D:11     | Reached skill level 13 in Hexes
 20462 | D:11     | Found a staircase to the Orcish Mines.
 21268 | Orc:1    | Entered Level 1 of the Orcish Mines
 21588 | Orc:2    | Entered Level 2 of the Orcish Mines
 21611 | Orc:2    | Found a frozen archway.
 21620 | Orc:2    | Gained mutation: You are mostly covered in yellow scales.
                  | (AC +3) [demonic ancestry]
 21620 | Orc:2    | Reached XP level 14. HP: 93/93 MP: 16/20
 21647 | IceCv    | Entered an ice cave
 21764 | IceCv    | Found a transporter.
 21775 | IceCv    | Found a transporter.
 21783 | IceCv    | Learned a level 1 spell: Slow
 22058 | Orc:2    | Reached skill level 14 in Hexes
 22102 | Orc:2    | Paralysed by an ogre mage for 5 turns
 22104 | Orc:2    | HP: 12/93 [two-headed ogre/+0 giant club (21)]
 22104 | Orc:2    | Slain by a two-headed ogre

Illustrated notes

Levels and vault maps discovered:
D:1:      minmay_arrival_open_corners, layout_basic, serial_shops, shop,
          kennysheep_crisscross, minmay_misc_feat_pillars,
          minmay_misc_feat_square
D:2:      minmay_razor_zed, layout_loops_ring,
          dreamdust_ecumenical_altar_drowned_temple
D:3:      layout_basic, zin_scriptorium
D:4:      layout_basic, minmay_temple_entry_large_hall, hangedman_decor_push,
          serial_park_tiny_1, minmay_misc_feat_diagonals, uniq_pargi, uniq_ijyb
D:5:      layout_gridville, serial_rivers, chequers_serial_rivers_marsh,
          chequers_serial_rivers_micro_c, chequers_serial_rivers_micro_c,
          chequers_serial_rivers_micro_d, chequers_serial_rivers_marsh,
          chequers_serial_rivers_large_a, nicolae_shop_firing_range,
          uniq_blork_the_orc, uniq_crazy_yiuf_cottage, uniq_duvessa
D:6:      layout_loops_cross, ebering_ghost_sewer_d, uniq_maggie
D:7:      layout_gridville, serial_shops, kennysheep_mini, shop, minmay_circle_x
D:8:      layout_basic, amcnicky_mini_pool_small
D:9:      layout_gridville, erik_lair_dragon
D:10:     layout_loops_ring, lemuel_round_altar, st_stairs_14,
          minmay_misc_feat_ornament, uniq_erica
D:11:     layout_basic, hiddenorc1_lemuel, nrook_loot_triangle
D:12:     lemuel_ogre_cave, layout_basic
Temple:   mainiacjoe_temple_big_plus
Lair:1:   layout_chaotic_city, nzn_masters_of_martial_movement,
          grunt_megastairs_3
Lair:2:   layout_cellular_growth, lemuel_fruit_fields,
          infiniplex_staircase_pool, lemuel_fruit_fields
Lair:3:   layout_roguey, palyth_hydra_swamp_entry, guppyfry_snake_entry_garden,
          uniq_urug
Lair:4:   dreamdust_isle_of_ice, layout_regular_city, serial_bayou_lake_a,
          serial_bayou_shore_b
Lair:5:   layout_big_grid, minivault_27, nicolae_quartered_pool_impasse,
          cheibrodos_lair_caveside_slide
Lair:6:   hangedman_lair_in_review, layout_loops_ring, guppyfry_lair_end_dragon,
          minmay_slime_entry_oklob_enclosed
Orc:1:    layout_diamond_mine
Orc:2:    st_orc_ogre_mass, layout_caves, portal_ice_cave_rime, basic_altar,
          led_sif_book

Skill      XL: |  1  2  3  4  5  6  7  8  9 10 11 12 13 14 |
---------------+-------------------------------------------+-----
Axes           | 3 |  3.3
Polearms       | 1 2 4 5 6 8 10 12 13 | 13.8
Bows           | 3 5 6 |  6.4
Hexes          | 5 8 9 13 14 | 14.4
Transmutations | 5 7 8 |  8.0
Spellcasting   | 2 4 |  4.0
Ice Magic      | 5 6 |  6.0
Fighting       | |  3.1
Armour         | |  0.3
Dodging        | |  2.8
Stealth        | |  1.7

Action                   |  1- 3 |  4- 6 |  7- 9 | 10-12 | 13-15 || total
-------------------------+-------+-------+-------+-------+-------++-------
Melee: Hand axe          |    90 |       |       |     6 |     9 ||   105
       Trident           |    64 |   139 |   289 |   529 |   406 ||  1427
       Tailslap          |       |    16 |    39 |    78 |    77 ||   210
       Punch             |       |       |     2 |     5 |     5 ||    12
       Dagger            |       |       |       |     7 |       ||     7
 Fire: Shortbow          |       |       |       |   174 |   156 ||   330
Throw: Stone             |    68 |    16 |       |       |       ||    84
 Cast: Tukima's Dance    |       |       |       |     5 |       ||     5
       Yara's Violent Un |       |       |       |       |     1 ||     1
Invok: Potion Petition   |       |       |       |     1 |       ||     1
Evoke: Wand              |       |     2 |       |     9 |    11 ||    22
       Tin of tremorston |       |       |       |     1 |       ||     1
  Use: Scroll            |       |    15 |    13 |    11 |     4 ||    43
       Potion            |       |     1 |     1 |     2 |     4 ||     8
 Stab: Sleeping          |     2 |     5 |     3 |     5 |       ||    15
       Distracted        |       |       |     2 |    12 |     6 ||    20
       Paralysed         |       |       |       |     5 |       ||     5
       Petrified         |       |       |       |       |     5 ||     5
       Petrifying        |       |       |       |       |     1 ||     1
       Invisible         |       |       |       |       |     2 ||     2
Armor: Ring mail         |    35 |    14 |       |       |       ||    49
       Robe              |     2 |       |       |       |       ||     2
       Scale mail        |       |    13 |       |       |       ||    13
       Troll leather arm |       |    15 |    49 |    87 |   133 ||   284
Dodge: Dodged            |    88 |    69 |    69 |   147 |   158 ||   531

Table legend: (Time is in decaauts)
 A = Elapsed time spent in this place.
 B = Non-inter-level travel time spent in this place.
 C = Inter-level travel time spent in this place.
 D = Time resting spent in this place.
 E = Time spent auto-exploring this place.
 F = Levels seen in this place.
 G = Mean time per level.
                   A        B        C        D        E       F      G
               +--------+--------+--------+--------+--------+-----+--------+
         Total |  21872 |  19994 |   1878 |   2714 |  13192 |  22 |  994.2 |
       Dungeon |  13336 |  11737 |   1599 |   1276 |   8398 |  12 | 1111.3 |
        Temple |    298 |    268 |     30 |      0 |    253 |   1 |  298.0 |
          Lair |   7544 |   7316 |    228 |   1270 |   4367 |   6 | 1257.3 |
  Orcish Mines |    335 |    315 |     20 |      0 |    141 |   2 |  167.5 |
      Ice Cave |    358 |    358 |      0 |    167 |     33 |   1 |  358.0 |
               +--------+--------+--------+--------+--------+-----+--------+

Top non-repeatable levels by time:
     D:2: 1986 daAuts
  Lair:6: 1826 daAuts
     D:5: 1635 daAuts
  Lair:4: 1510 daAuts
  Lair:3: 1478 daAuts
     D:9: 1344 daAuts
     D:3: 1295 daAuts
    D:11: 1196 daAuts
     D:6: 1118 daAuts
     D:1: 1087 daAuts
     D:4: 1021 daAuts
  Lair:5: 979 daAuts
    D:10: 947 daAuts
  Lair:1: 906 daAuts
     D:8: 890 daAuts

Table legend:
 A = Kills in this place as a percentage of kills in entire the game.
 B = Kills by you in this place as a percentage of kills by you in the entire game.
 C = Kills by friends in this place as a percentage of kills by friends in the entire game.
 D = Other kills in this place as a percentage of other kills in the entire game.
 E = Experience gained in this place as a percentage of experience gained in the entire game.
 F = Experience gained in this place divided by the number of levels of this place that you have seen.
                   A       B       C       D       E      F
               +-------+-------+-------+-------+-------+----------------------
         Total | 100.0 | 100.0 | 100.0 | 100.0 | 100.0 | 3213.6
       Dungeon |  60.2 |  61.3 |  14.3 |   0.0 |  25.1 | 1476.7
          Lair |  31.4 |  30.4 |  85.7 |  50.0 |  63.8 | 7522.5
  Orcish Mines |   6.6 |   6.7 |   0.0 |   0.0 |   8.3 | 2935.5
      Ice Cave |   1.8 |   1.6 |   0.0 |  50.0 |   2.8 | 1973.0
               +-------+-------+-------+-------+-------+----------------------
